 Dungeon Crawl Stone Soup version 0.16-b1 (webtiles) character file.

227 McCoppin the Skirmisher (level 6, 0/45 HPs)
             Began as an Octopode Fighter on Mar 11, 2015.
             Slain by a crimson imp (2 damage)
             ... on level 4 of the Dungeon.
             The game lasted 00:06:45 (2812 turns).

McCoppin the Skirmisher (Octopode Fighter)          Turns: 2812, Time: 00:06:45

Health: 0/45       AC:  1    Str: 20    XL:     6   Next: 2%
Magic:  6/6        EV: 10    Int: 10    God:
Gold:   103        SH:  0    Dex: 14    Spells: 0 memorised, 5 levels left

rFire  . . .     SeeInvis .     a - +0 rapier
rCold  . . .     Clarity  .     c - +0 shield
rNeg   . . .     SustAb   .     (helmet restricted)
rPois  .         Gourm    .     (no amulet)
rElec  .         Spirit   .     (no ring)
rCorr  .         Warding  .     (no ring)
rMut   .         Stasis   .     (no ring)
MR     .....                    (no ring)
Stlth  ++........               (no ring)
                                (no ring)
                                (no ring)
                                (no ring)

@: confused, mighty, very slightly contaminated, hasted, drained, very quick,
not resistant to hostile enchantments, unstealthy
A: almost no armour, amphibious, 8 rings, constrict 8, camouflage 1, gelatinous
body 1
a: no special abilities


You were on level 4 of the Dungeon.
You were not hungry.

You visited 1 branch of the dungeon, and saw 4 of its levels.

You collected 103 gold pieces.

Inventory:

Hand weapons
 a - a +0 rapier (weapon)
 u - a +1 blowgun
Missiles
 k - 67 stones (quivered)
 p - 2 throwing nets
 t - 23 poisoned needles
Armour
 c - a +0 shield (worn)
Magical devices
 l - a wand of fireball (5)
Scrolls
 g - a scroll of fog {unknown}
 i - a scroll of remove curse
 q - a scroll of identify
Potions
 m - a potion of flight
 o - 2 potions of haste
 r - a potion of restore abilities {unknown}
Comestibles
 b - a beef jerky
 d - 2 bread rations
 n - 4 chunks of flesh
 s - a meat ration


   Skills:
 + Level 5.0(4.0) Fighting
 + Level 4.4(3.4) Short Blades
 - Level 3.0(2.0) Dodging
 - Level 3.0(2.0) Shields


You had 5 spell levels left.
You didn't know any spells.

Dungeon Overview and Level Annotations

Branches:
Dungeon (4/15)
 Temple: D:4-7

Altars:

Annotations:
D:4 Edmund


Innate Abilities, Weirdness & Mutations

You cannot wear most types of armour.
You are amphibious.
You can wear up to eight rings at the same time.
You can use your tentacles to constrict many enemies at once.
Your skin changes colour to match your surroundings (Stealth).
Your rubbery body absorbs attacks (AC +1).


Message History

You bump into the rock wall.
The crimson imp blinks!
Edmund zaps a wand.
You resist with some effort.
You bump into the rock wall.
The kobold hits you.
Edmund zaps a wand.
Your will is overpowered!
You are more confused.
You closely miss the kobold. The kobold hits you.
Edmund zaps a wand.
You resist with some effort.
You hit Edmund. You squeeze Edmund.
Edmund is moderately wounded.
The kobold hits you.
Edmund hits you with a flail of draining!
You feel drained.
You miss the crimson imp. The crimson imp hits you. The kobold hits you.
Edmund hits you with a flail of draining!
* * * LOW HITPOINT WARNING * * *
You feel drained.
* * * LOW HITPOINT WARNING * * *
Unknown command.
Drink which item? (? for menu, Esc to quit)
It was a potion of haste.
You feel yourself speed up. The crimson imp hits you.
You die...

.## .#ยง######.#
.....# #.#...####.#
......# #.###.#....#
.......# #.#.......##
#...?...###.#.#)#.#.#
#....$......#.#.#.#.#
#.......##..#.#.#.#.#
##.....K@##..#.#.#<#.#
........@5.>.#.#.###.#
##....>..###...#.....#
#.......# ###########
#........ #######.##
#.# #!# #.# #.#


You could see Edmund, a crimson imp and a kobold.

Vanquished Creatures
  Sigmund (D:2)
  Ijyb (D:2)
  Terence (D:2)
  5 adders
  2 worms (D:2)
  4 giant cockroaches
  7 goblins
  11 hobgoblins
  4 jackals (D:1)
  3 oozes
  2 quokkas
  2 ball pythons (D:1)
  7 bats
  3 giant newts (D:2)
  8 kobolds
  5 rats
66 creatures vanquished.

Notes
Turn   | Place    | Note
--------------------------------------------------------------
     0 | D:1      | McCoppin, the Octopode Fighter, began the quest for the Orb.
     0 | D:1      | Reached XP level 1. HP: 16/16 MP: 1/1
   103 | D:1      | Reached XP level 2. HP: 18/21 MP: 2/2
   546 | D:1      | Reached XP level 3. HP: 21/26 MP: 3/3
  1298 | D:2      | Noticed Sigmund
  1300 | D:2      | Noticed Ijyb
  1306 | D:2      | Killed Sigmund
  1306 | D:2      | Reached skill level 4 in Fighting
  1306 | D:2      | Reached XP level 4. HP: 26/34 MP: 4/4
  1306 | D:2      | Reached XP level 5. HP: 29/38 MP: 5/5
  1311 | D:2      | Killed Ijyb
  1707 | D:2      | Noticed Terence
  1720 | D:2      | Killed Terence
  2591 | D:3      | Reached skill level 5 in Fighting
  2591 | D:3      | Reached XP level 6. HP: 42/45 MP: 6/6
  2800 | D:4      | Noticed Edmund
  2811 | D:4      | HP: 1/45 [Edmund/flail of draining (3)]
  2812 | D:4      | Slain by a crimson imp

Action                   |  1- 3 |  4- 6 || total
-------------------------+-------+-------++-------
Melee: Rapier            |    78 |    75 ||   153
  Use: Scroll            |       |     5 ||     5
       Potion            |       |     2 ||     2
 Stab: Sleeping          |     4 |     8 ||    12
       Distracted        |       |     1 ||     1
  Eat: Chunk             |     1 |     5 ||     6
